 Dungeon Crawl Stone Soup version 0.20.1-1-g8b1a95d (console) character file.

2177 hilaritas the Cleaver (level 9, -2/68 HPs)
             Began as a Formicid Fighter on Nov 19, 2017.
             Was a Believer of Okawaru.
             Slain by an orc warrior
             ... wielding a +0 glaive
              (6 damage)
             ... on level 6 of the Dungeon.
             The game lasted 00:14:02 (6699 turns).

hilaritas the Cleaver (Formicid Fighter)            Turns: 6699, Time: 00:14:03

Health: -2/68      AC: 12    Str: 23    XL:     9   Next: 58%
Magic:  11/12      EV:  5    Int:  9    God:    Okawaru [**....]
Gold:   325        SH: 10    Dex: 10    Spells: 8/8 levels left

rFire    + + .     SeeInvis +   a - +1 war axe
rCold    + . .     Gourm    +   c - +0 shield
rNeg     . . .     Faith    .   e - +0 plate armour
rPois    +         Spirit   .   (helmet unavailable)
rElec    +         Reflect  .   (no cloak)
rCorr    +         Harm     .   h - +0 pair of gloves
MR       .....                  (no boots)
Stlth    ..........             i - amulet of the gourmand
Regen    0.3/turn               b - ring of protection from fire
MPRegen  0.2/turn               (no ring)

@: resistant
A: permanent stasis, dig shafts and tunnels, four strong arms, antennae 3
a: Dig, Shaft Self, Heroism, Renounce Religion


You were on level 6 of the Dungeon.
You worshipped Okawaru.
Okawaru was pleased with you.
You were completely stuffed.

You visited 1 branch of the dungeon, and saw 7 of its levels.

You collected 325 gold pieces.

Inventory:

Hand Weapons
 a - a +1 war axe (weapon)
 y - a +1 hand axe of flaming
Armour
 c - a +0 shield (worn)
 e - a +0 plate armour (worn)
 h - a +0 pair of gloves (worn)
 n - a +2 large shield
Jewellery
 b - a ring of protection from fire (left hand)
 i - an amulet of the gourmand (around neck)
 j - an uncursed ring of magical power
Wands
 v - a wand of digging (24/24)
Scrolls
 k - a scroll of identify
 o - 5 scrolls of magic mapping
 u - a scroll of recharging
Potions
 d - a potion of might
 l - a potion of agility
 p - a potion of mutation {unknown}
 r - 4 potions of cancellation
Comestibles
 f - 4 bread rations
 m - a fruit
 t - 2 royal jellies


   Skills:
 * Level 5.5 Fighting
 - Level 10.0 Axes
 + Level 3.6 Armour
 + Level 6.1 Shields
 * Level 4.1 Invocations


You had 8 spell levels left.
You didn't know any spells.

Dungeon Overview and Level Annotations

Branches:
Dungeon (7/15)             Temple (0/1) D:5

Altars:
Okawaru
Zin


Innate Abilities, Weirdness & Mutations

You cannot be hasted, slowed, berserked, paralysed or teleported.
You can dig through walls and to a lower floor.
Your four strong arms can wield two-handed weapons with a shield.
You have a pair of large antennae on your head. (SInv)


Message History

You hit the orc warrior but do no damage.
You block the orc warrior's attack. The orc warrior hits you with a glaive.
* * * LOW HITPOINT WARNING * * *
You slash the orc warrior!
The orc warrior is severely wounded.
You closely miss the orc warrior.
Unknown command.
You hit the orc warrior.
The orc warrior is almost dead.
You hit the orc warrior.
You feel like a meek peon again. You block the orc warrior's attack.
The orc warrior hits you with a glaive!
* * * LOW HITPOINT WARNING * * *
Unknown command.
It was a potion of resistance.
You feel protected.
The orc warrior hits you with a war axe.
* * * LOW HITPOINT WARNING * * *
The orc warrior hits you with a glaive.
You die...

### ##.# ...# ##.# #.#
#.# ############ #.#
##### #...........
#.####...###...........
#........'.'.))).......
#.###....###.†)oo.<....
#........# ####@)......
########## ########. #
.. .###### .##...#
.##...# .##...#
.##...######
............


You could see 2 orc warriors.

Vanquished Creatures
  A sky beast (D:6)
  An ice beast (D:5)
  An orc warrior (D:4)
  3 ogres (D:5)
  4 centaurs (D:5)
  A bullfrog (D:6)
  A scorpion (D:5)
  4 howler monkeys
  A crimson imp (D:5)
  2 centaur zombies (D:5)
  A jelly (D:5)
  4 hounds (D:5)
  5 orc priests
  7 orc wizards
  Jessica (D:3)
  2 iguanas (D:4)
  4 worker ants
  The ghost of dscm the Skirmisher, a weakling DsFi (D:5)
  A hound skeleton (D:5)
  A worker ant zombie (D:4)
  Robin (D:3)
  9 adders
  A shadow imp (D:6)
  2 adder skeletons
  5 worms
  3 dart slugs (D:2)
  4 leopard geckos
  20 orcs
  5 ball pythons
  7 giant cockroaches
  14 hobgoblins
  6 jackals (D:3)
  A quokka (D:2)
  8 bats
  9 frilled lizards
  14 goblins
  6 kobolds
  A leopard gecko skeleton (D:5)
  A quokka skeleton (D:4)
  A quokka zombie (D:5)
  7 rats
171 creatures vanquished.

Notes
Turn   | Place    | Note
-------+----------+-------------------------------------------
     0 | D:1      | hilaritas the Formicid Fighter began the quest for the Orb.
     0 | D:1      | Reached XP level 1. HP: 18/18 MP: 1/1
   221 | D:1      | Reached XP level 2. HP: 24/24 MP: 2/2
   765 | D:1      | Reached XP level 3. HP: 28/29 MP: 3/3
  1249 | D:2      | Reached skill level 3 in Axes
  1557 | D:2      | Reached XP level 4. HP: 35/37 MP: 4/4
  2331 | D:2      | Reached XP level 5. HP: 42/42 MP: 5/5
  2414 | D:3      | Noticed Jessica
  2422 | D:3      | Reached skill level 4 in Axes
  2424 | D:3      | Killed Jessica
  2628 | D:3      | Noticed Robin
  2657 | D:3      | Killed Robin
  2889 | D:3      | Reached XP level 6. HP: 43/48 MP: 6/6
  3258 | D:4      | Reached skill level 5 in Axes
  3378 | D:4      | Found an iron altar of Okawaru.
  3382 | D:4      | Became a worshipper of Warmaster Okawaru
  3586 | D:4      | Reached XP level 7. HP: 11/54 MP: 7/7
  3621 | D:4      | Reached skill level 6 in Axes
  3845 | D:4      | Reached skill level 5 in Shields
  3845 | D:4      | Reached skill level 1 in Invocations
  4423 | D:4      | Found a glowing silver altar of Zin.
  4571 | D:5      | Entered Level 5 of the Dungeon
  4629 | D:5      | Reached * piety under Okawaru
  4629 | D:5      | Reached skill level 7 in Axes
  4629 | D:5      | Reached XP level 8. HP: 61/61 MP: 9/9
  4873 | D:5      | Reached skill level 8 in Axes
  4913 | D:5      | Found a staircase to the Ecumenical Temple.
  4965 | D:5      | You fall through a shaft for 2 floors!
  5036 | D:5      | Noticed dscm's ghost (weakling DsFi)
  5048 | D:5      | Killed dscm's ghost
  5331 | D:5      | Reached ** piety under Okawaru
  5383 | D:5      | Reached skill level 9 in Axes
  5383 | D:5      | Reached XP level 9. HP: 26/67 MP: 11/11
  6082 | D:5      | Reached skill level 5 in Fighting
  6386 | D:6      | Reached skill level 10 in Axes
  6699 | D:6      | Slain by an orc warrior

Skill      XL: |  1  2  3  4  5  6  7  8  9 |
---------------+----------------------------+-----
Shields        | 4 5 6 |  6.1
Axes           | 3 4 5 7 9 10 | 10.0
Fighting       | 4 5 |  5.5
Invocations    | 2 3 4 |  4.1
Armour         | |  3.6

Action                   |  1- 3 |  4- 6 |  7- 9 || total
-------------------------+-------+-------+-------++-------
Melee: War axe           |    94 |   235 |   313 ||   642
Invok: Heroism           |       |       |     3 ||     3
  Use: Scroll            |       |     7 |     2 ||     9
       Potion            |       |       |     6 ||     6
  Eat: Chunk             |     2 |     7 |    20 ||    29
Armor: Scale mail        |    35 |    78 |    12 ||   125
       Skin              |       |       |    28 ||    28
       Plate armour      |       |       |   121 ||   121
Dodge: Dodged            |    39 |    79 |    88 ||   206
Block: Shield            |    44 |   114 |   139 ||   297
